 Dungeon Crawl Stone Soup version 0.25-a0-471-g78e40d7af6 (webtiles) character file.

Game seed: 8527212644222862903, levelgen mode: deterministic

2033 MrRokkomies the Frost Mage (level 9, 0/57 HPs)
             Began as a Vampire Ice Elementalist on Feb 6, 2020.
             Was a Follower of Sif Muna.
             Slain by a wyvern (16 damage)
             ... on level 8 of the Dungeon.
             The game lasted 00:17:14 (5906 turns).

MrRokkomies the Frost Mage (VpIE)                   Turns: 5906, Time: 00:17:16

Health: 0/57       AC:  7    Str: 10    XL:     9   Next: 3%
Magic:  9/12       EV: 13    Int: 20    God:    Sif Muna [*.....]
Gold:   391        SH:  7    Dex: 14    Spells: 5/12 levels left

rFire    . . .     SeeInvis +   b - staff of cold
rCold    + . .     Gourm    .   p - +2 buckler
rNeg     . . .     Faith    .   t - +1 animal skin
rPois    .         Spirit   .   u - +0 helmet
rElec    .         Reflect  .   e - scarf {repulsion}
rCorr    .         Harm     .   k - +0 pair of gloves
MR       .....                  v - +1 pair of boots
Stlth    ++++......             (no amulet)
HPRegen  0.39/turn              s - +2 ring of intelligence
MPRegen  0.13/turn              (no ring)

@: lethally poisoned (0 -> -1), frozen ramparts, regenerating quickly, repel
missiles
A: no food, fangs 3, see invisible, unbreathing
a: Exsanguinate, Channel Magic, Renounce Religion


You were on level 8 of the Dungeon.
You worshipped Sif Muna.
Sif Muna was aware of your devotion.
You were alive.

You visited 2 branches of the dungeon, and saw 9 of its levels.

You collected 391 gold pieces.

Inventory:

Hand Weapons
 a - a +2 short sword of protection
 h - a +0 broad axe
 w - a +2 vampiric short sword
 z - a +2 whip of flaming
Missiles
 d - 53 bolts
 q - 2 silver javelins (quivered)
 C - 13 poisoned darts
Armour
 e - a scarf of repulsion (worn)
 k - a +0 pair of gloves (worn)
 p - a +2 buckler (worn)
 t - a +1 animal skin (worn)
 u - a +0 helmet (worn)
 v - a +1 pair of boots (worn)
Magical Staves
 b - an uncursed staff of cold (weapon)
Jewellery
 s - a +2 ring of intelligence (left hand)
Wands
 B - a wand of digging (2)
 E - a wand of scattershot (3)
Scrolls
 f - 2 scrolls of amnesia
 n - a scroll of fear
 r - 2 scrolls of remove curse
 x - a scroll of identify
 y - a scroll of enchant weapon
Potions
 c - 2 potions of cancellation
 g - 2 potions of flight
 i - 2 potions of mutation
 j - a potion of berserk rage
 l - a potion of agility
 m - 3 potions of curing
 o - a potion of resistance
 A - a potion of brilliance
 D - a potion of might {unknown}


   Skills:
 - Level 3.4 Dodging
 - Level 8.0 Stealth
 + Level 3.9 Shields
 - Level 2.0 Spellcasting
 - Level 5.4 Charms
 * Level 8.6 Ice Magic
 + Level 1.7 Invocations


You had 5 spell levels left.
You knew the following spells:

 Your Spells              Type           Power        Failure   Level  Hunger
a - Freeze                Ice            ####         1%          1    N/A
b - Frozen Ramparts       Ice            ######       1%          3    N/A
c - Ozocubu's Armour      Chrm/Ice       #####...     2%          3    N/A

Your spell library contained the following spells:

 Spells                   Type           Power        Failure   Level  Hunger
 Hailstorm                Conj/Ice       ####....     26%         4    N/A
 Summon Ice Beast         Ice/Summ       ####....     26%         4    N/A
 Confusing Touch          Hex            #.......     43%         3    N/A
 Gell's Gravitas          Tloc           #.........   43%         3    N/A
 Metabolic Englaciation   Hex/Ice        ####......   58%         5    N/A
 Petrify                  Tmut/Erth      #.......     83%         4    N/A
 Yara's Violent Unravell  Hex/Tmut       #.........   99%         5    N/A

Dungeon Overview and Level Annotations

Branches:
Dungeon (8/15)             Temple (1/1) D:6
   Lair: D:8-11

Altars:
Ashenzari
Cheibriados
Dithmenos
Fedhas
Gozag
Hepliaklqana
Kikubaaqudgha
Makhleb
Nemelex Xobeh
Okawaru
Qazlal
Ru
Sif Muna
Trog
Uskayaw
Wu Jian
Xom
Yredelemnul
Zin
The Shining One

Annotations:
D:5 2 transporters
D:7 Joseph


Innate Abilities, Weirdness & Mutations

You do not eat.
Your natural rate of healing is unusually fast.
You have razor-sharp teeth.
You have supernaturally acute eyesight. (SInv)
You can survive without breathing.


Message History

You feel sick. You block the worker ant's attack.
The wyvern hisses angrily.
The wyvern bites you!
* * * LOW HITPOINT WARNING * * *
You feel sick.
Found a long sword.
The wyvern completely misses you.
Casting: Ozocubu's Armour (safe; 2% risk of failure)
Confirm with . or Enter, or press ? or * to list all spells.
Okay, then.
Unknown command.
Your +2 short sword of protection goes still.
b - an uncursed staff of cold (weapon)
Casting: Ozocubu's Armour (safe; 2% risk of failure)
Confirm with . or Enter, or press ? or * to list all spells.
You feel a surge of power!
The walls around you are covered in icicles.
The walls release a blast of icicles at the wyvern!
The wyvern is encased in ice.
The wyvern bites you!
You die...

#.# ...# ..)
.... #.# ...
... ..
#.###.
#.#..#
#.#S.#
#@#<.#
#l#..# .
#a#.J#
....##J#..#
...........#
.....##.##.#
.o.. .... .#
... ##### ##
..


You could see a wyvern, a jelly and a worker ant.

Vanquished Creatures
  Pikel (D:6)
  A hungry ghost (D:7)
  3 slaves (D:6)
  An ice beast (D:7)
  A phantom (D:6)
  2 ogres
  2 centaurs (D:6)
  2 bullfrogs (D:6)
  3 scorpions
  A centaur zombie (D:6)
  A crimson imp (D:6)
  2 orc priests (D:7)
  A jelly (D:6)
  2 hounds
  A bullfrog skeleton (D:4)
  A centaur skeleton (D:4)
  Jessica (D:2)
  Natasha (thrice) (D:2)
  4 worker ants
  A hound skeleton (D:4)
  Robin (D:2)
  4 gnolls (D:4)
  7 adders
  2 shadow imps
  4 oozes
  An adder skeleton (D:5)
  4 worms
  2 dart slugs
  5 leopard geckos
  5 orcs
  12 bats
  2 giant cockroaches
  11 goblins
  8 hobgoblins
  A ball python skeleton (D:6)
  6 frilled lizards
  9 kobolds
  A leopard gecko skeleton (D:4)
  7 rats
126 creatures vanquished.

Vanquished Creatures (others)
  A slave (D:6)
1 creature vanquished.

Grand Total: 127 creatures vanquished

Notes
Turn   | Place    | Note
-------+----------+-------------------------------------------
     0 | D:1      | MrRokkomies the Vampire Ice Elementalist began the quest
                  | for the Orb.
     0 | D:1      | Reached XP level 1. HP: 13/13 MP: 3/3
   133 | D:1      | Reached XP level 2. HP: 18/19 MP: 0/5
   887 | D:2      | Reached XP level 3. HP: 24/24 MP: 6/6
  1042 | D:2      | Noticed Jessica
  1050 | D:2      | Killed Jessica
  1050 | D:2      | Reached XP level 4. HP: 30/30 MP: 5/7
  1052 | D:2      | Noticed Natasha
  1057 | D:2      | Killed Natasha
  1057 | D:2      | Reached skill level 5 in Ice Magic
  1066 | D:2      | Learned a level 3 spell: Frozen Ramparts
  1070 | D:2      | Learned a level 3 spell: Ozocubu's Armour
  1249 | D:2      | Found a burning altar of Makhleb.
  1294 | D:2      | Found a hazy altar of Hepliaklqana.
  1542 | D:2      | Noticed Natasha
  1549 | D:2      | Killed Natasha
  1549 | D:2      | Reached skill level 1 in Charms
  1549 | D:2      | Reached XP level 5. HP: 34/35 MP: 4/8
  1568 | D:2      | Noticed Natasha
  1575 | D:2      | Killed Natasha
  1687 | D:2      | Found a shimmering altar of Xom.
  1690 | D:2      | Found a shimmering altar of Xom.
  1690 | D:2      | Found an iron altar of Okawaru.
  1692 | D:2      | Found a hide-covered altar of Uskayaw.
  1692 | D:2      | Found a radiant altar of Vehumet.
  1692 | D:2      | Found an opulent altar of Gozag.
  1975 | D:2      | Noticed Robin
  1981 | D:2      | Killed Robin
  2008 | D:2      | Found a sparkling altar of Nemelex Xobeh.
  2015 | D:2      | Found a sacrificial altar of Ru.
  2088 | D:3      | Reached skill level 5 in Stealth
  2210 | D:3      | Found a snail-covered altar of Cheibriados.
  2320 | D:3      | Found a stormy altar of Qazlal.
  2819 | D:4      | Reached XP level 6. HP: 17/41 MP: 2/9
  3075 | D:4      | Reached skill level 1 in Shields
  3289 | D:4      | Reached XP level 7. HP: 46/46 MP: 7/10
  3556 | D:5      | Entered Level 5 of the Dungeon
  3614 | D:5      | Found a bloodstained altar of Trog.
  3669 | D:5      | Found a transporter.
  3688 | D:5      | Found a transporter.
  4252 | D:6      | Found a staircase to the Ecumenical Temple.
  4264 | Temple   | Entered the Ecumenical Temple
  4651 | Temple   | Became a worshipper of Sif Muna the Loreminder
  4758 | D:6      | Noticed Pikel
  4790 | D:6      | Killed Pikel
  4790 | D:6      | Reached skill level 5 in Charms
  4790 | D:6      | Reached XP level 8. HP: 22/52 MP: 1/11
  5675 | D:6      | Reached skill level 1 in Invocations
  5844 | D:7      | Reached * piety under Sif Muna
  5844 | D:7      | Reached XP level 9. HP: 53/57 MP: 9/12
  5875 | D:7      | Noticed Joseph
  5906 | D:8      | Slain by a wyvern

Levels and vault maps discovered:
D:1:      dpeg_arrival_houses_and_road, layout_basic
D:2:      layout_loops_ring, amethyst_overflow_temple_binary,
          lemuel_coloured_pillars_altar, marbit_many_paths, doesnt_xom_only_xom,
          uniq_robin, uniq_natasha, uniq_jessica
D:3:      layout_basic, grunt_qazlal_sundering, eino_tiny_chamber,
          kennysheep_decorative_pillar, kennysheep_slug_shrine
D:4:      layout_rooms, kennysheep_generic_room_9
D:5:      gammafunk_steamed_eel, layout_basic, lemuel_doored_altar,
          first_ration, minmay_misc_feat_enclosed,
          chequers_serial_rivers_small_b
D:6:      layout_loops_ring, minmay_temple_entry_mini_moons, uniq_pikel
D:7:      layout_rooms, vehumet_statue, uniq_joseph, uniq_crazy_yiuf_cottage
D:8:      layout_basic, nicolae_overflow_hidden_temple, minmay_lair_entry_grove,
          uniq_erica
Temple:   hc_temple_tempest_star

Skill      XL: |  1  2  3  4  5  6  7  8 |
---------------+-------------------------+-----
Stealth        | 4 5 7 8 |  8.0
Dodging        | 3 |  3.4
Ice Magic      | 5 6 7 8 |  8.6
Charms         | 1 2 3 5 |  5.4
Shields        | 1 2 3 |  3.9
Invocations    | 1 |  1.7
Spellcasting   | |  2.0

Action                   |  1- 3 |  4- 6 |  7- 9 || total
-------------------------+-------+-------+-------++-------
Melee: Unarmed           |     4 |       |       ||     4
       Bite              |     6 |    11 |     4 ||    21
       Short sword       |    34 |   125 |   108 ||   267
       Dagger            |     9 |       |       ||     9
       Staff             |       |       |     4 ||     4
       Whip              |       |       |     1 ||     1
 Cast: Freeze            |    20 |    37 |    32 ||    89
       Frozen Ramparts   |       |     4 |     8 ||    12
       Ozocubu's Armour  |       |     1 |     2 ||     3
  Use: Scroll            |     5 |     6 |     6 ||    17
       Potion            |       |     1 |       ||     1
 Stab: Sleeping          |     5 |    11 |     7 ||    23
       Distracted        |       |     2 |       ||     2
Armor: Robe              |     9 |    13 |       ||    22
       Animal skin       |       |    15 |    52 ||    67
Dodge: Dodged            |    41 |    90 |    68 ||   199
       Deflected         |       |     2 |     2 ||     4
Block: Buckler           |       |    44 |    43 ||    87

Table legend:
 A = Non-vault XP
 B = Vault XP
 C = Vault XP percentage of total XP
 D = Non-vault monster count
 E = Vault monster count
 F = Vault count percentage of total count
                 A         B        C        D         E       F
            +---------+---------+-------+---------+---------+-------
      Total |    2150 |     755 |  26.0 |     111 |      12 |   9.8
            +---------+---------+-------+---------+---------+-------
        D:1 |      40 |       0 |   0.0 |      21 |       0 |   0.0
        D:2 |     161 |      98 |  37.8 |      32 |       9 |  22.0
        D:3 |      36 |       4 |  10.0 |      12 |       1 |   7.7
        D:4 |     441 |      67 |  13.2 |      18 |       1 |   5.3
        D:5 |     142 |       0 |   0.0 |       7 |       0 |   0.0
        D:6 |     936 |     586 |  38.5 |      16 |       1 |   5.9
        D:7 |     394 |       0 |   0.0 |       5 |       0 |   0.0
            +---------+---------+-------+---------+---------+-------
